 Dungeon Crawl Stone Soup version 0.29.0-13-gc9e81de378 (webtiles) character file.

Game seed: 12312533075598466896

16 mdonais the Sneak (level 2, 0/21 HPs)
             Began as an Octopode Cinder Acolyte on Sept 9, 2022.
             Was a High Priest of Ignis.
             Succumbed to an adder's poison
             ... on level 2 of the Dungeon.
             The game lasted 00:01:47 (986 turns).

mdonais the Sneak (Octopode Cinder Acolyte)          Turns: 986, Time: 00:01:47

Health: 0/21       AC:  3    Str: 13    XL:     2   Next: 58%
Magic:  3/3        EV: 12    Int: 16    God:    Ignis [*****.]
Gold:   112        SH:  0    Dex:  7    Spells: 3/3 levels left

rFire   + . .      SeeInvis .   a - -1 short sword (flame)
rCold   . . .      Faith    .   (no shield)
rNeg    . . .      Spirit   .   i - +2 hat
rPois   .          Reflect  .   d - amulet of the acrobat
rElec   .          Harm     .   (no ring)
rCorr   .          Rampage  .   (no ring)
Will    .....                   (no ring)
Stlth   +++.......              (no ring)
HPRegen 0.07/turn               (no ring)
MPRegen 0.08/turn               (no ring)
                                (no ring)
                                (no ring)

@: lethally poisoned (0 -> -6), hasted, very quick
A: almost no armour, amphibious, 8 rings, camouflage 1, gelatinous body 1,
(nimble swimmer 1), tentacles
a: Renounce Religion, Fiery Armour, Foxfire Swarm, Rising Flame


You were on level 2 of the Dungeon.
You worshipped Ignis.
Ignis was extremely pleased with you.
You visited 1 branch of the dungeon, and saw 2 of its levels.

You collected 112 gold pieces.

Inventory:

Hand Weapons
 a - a -1 short sword of flaming (weapon)
Armour
 i - a +2 hat (worn)
   (You found it on level 1 of the Dungeon)
Magical Staves
 h - a staff of air
   (You found it on level 1 of the Dungeon)
Jewellery
 d - an amulet of the acrobat (around mantle)
   (You found it on level 1 of the Dungeon)
Scrolls
 b - 2 scrolls of amnesia {unknown}
 c - a scroll of enchant weapon {unknown}
 f - a scroll of noise {unknown}
 k - a scroll of blinking {unknown}
Potions
 e - a potion of berserk rage {unknown}
 j - a potion of resistance {unknown}
 H - a potion of haste


   Skills:
 - Level 3.0 Fighting
 - Level 3.0 Short Blades
 + Level 3.2 Stealth
 - Level 1.0 Spellcasting
 - Level 3.0 Fire Magic


You had 3 spell levels left.
You didn't know any spells.
Your spell library contained the following spells:

 Spells                   Type           Power      Damage    Failure   Level
 Scorch                   Fire           20%        2d6       10%         2


Dungeon Overview and Level Annotations

Branches:
Dungeon (2/15) Zot: 11016

Altars:


Innate Abilities, Weirdness & Mutations

You cannot wear most types of armour.
You are amphibious.
You can wear up to eight rings at the same time.
Your skin changes colour to match your surroundings (Stealth+).
Your rubbery body absorbs attacks. (AC +1, EV +1)
((You are camouflaged when in or above water. (Stealth+)))
You have tentacles for arms and can constrict up to eight enemies at once.


Message History

The endoplasm is severely wounded.
The endoplasm closely misses you.
You hit the endoplasm. You burn the endoplasm.
You kill the endoplasm!
Your Stealth skill increases to level 3!
No target in view!
No target in view!
No target in view!
No target in view!
No target in view!
No target in view!
No target in view!
No target in view!
No target in view!
No target in view!
You now have 70 gold pieces (gained 12).
A goblin comes into view. It is wielding a +0 club.
Found a leather armour.
A goblin is nearby!
The helpless goblin fails to defend itself.
You hit the goblin. You burn the goblin. Your grab misses the goblin.
You squeeze the goblin.
You kill the goblin!
No target in view!
No target in view!
No target in view!
No target in view!
No target in view!
No target in view!
g - a dark potion
There is a stone staircase leading down here.
You see here a +0 leather armour.
h - a staff of air
i - a +2 hat You start putting on your armour.
You continue putting on your +2 hat. x4
You finish putting on your +2 hat.
j - a silvery potion You now have 84 gold pieces (gained 14).
There is a shaft here.
g - 2 dark potions (gained 1)
You see here a +0 leather armour.
There is a stone staircase leading down here.
Things that are here:
a +0 club; a goblin corpse A giant cockroach comes into view.
A giant cockroach is nearby!
The helpless giant cockroach fails to defend itself.
You hit the giant cockroach. You burn the giant cockroach.
You kill the giant cockroach!
No target in view!
No target in view!
No target in view!
No target in view!
No target in view!
No target in view!
No target in view!
No target in view!
Found a cloak.
You now have 95 gold pieces (gained 11).
You now have 112 gold pieces (gained 17).
k - a scroll labelled GEN YSMEREU Key pressed, stopping explore.
You see here a hobgoblin skeleton.
There is an open gate here.
There is an open door here.
There is an open door here.
You open the door.
There is an open door here.
There is an escape hatch in the floor here.
There is a staircase leading out of the dungeon here.
You open the door.
There is an open door here.
Done exploring.
Done exploring.
Done exploring.
Search for what [? for help]? .
Done exploring.
Done exploring.
Search for what [Enter for "."]? .
(D) Dungeon
Where to? (? - help)
There is an open door here.
There is an open door here.
There is an open gate here.
There is a stone staircase leading down here.
You climb downwards.
There is a stone staircase leading up here.
An adder is nearby!
The helpless adder fails to defend itself.
You hit the adder. You burn the adder. Your grab misses the adder.
The adder is moderately wounded.
The adder bites you.
You take 2 damage, and have 19/21 hp.
You hit the adder but do no damage. Your grab misses the adder.
The adder is moderately wounded.
The adder misses you. The adder barely misses you.
You barely miss the adder. Your grab misses the adder.
The adder is moderately wounded.
The adder closely misses you.
You hit the adder but do no damage. Your grab misses the adder.
The adder is moderately wounded.
The adder bites you but does no damage.
You closely miss the adder. Your grab misses the adder.
The adder is moderately wounded.
The adder bites you.
You take 1 damage, and have 18/21 hp.
You closely miss the adder. Your grab misses the adder.
Your tentacle-slap misses the adder.
The adder is moderately wounded.
The adder bites you. x2
You are poisoned.
The adder poisons you!
You take 3 damage, and have 15/21 hp.
You hit the adder but do no damage. Your grab misses the adder.
The adder is moderately wounded.
You feel sick. The adder bites you.
You take 3 damage, and have 12/21 hp.
You hit the adder. You burn the adder. Your grab misses the adder.
The adder is heavily wounded.
You feel sick. The adder bites you but does no damage.
You take 1 damage, and have 11/21 hp.
You barely miss the adder. Your grab misses the adder.
The adder is heavily wounded.
You feel sick. The adder closely misses you. The adder bites you.
You take 4 damage, and have 7/21 hp.
You are too injured to fight recklessly!
You are too injured to fight recklessly!
You are too injured to fight recklessly!
You hit the adder. You burn the adder. Your grab misses the adder.
The adder is almost dead.
You feel sick. The adder closely misses you.
You take 1 damage, and have 6/21 hp.
You barely miss the adder. Your grab misses the adder.
The adder is almost dead.
You feel sick.
You are no longer poisoned.
The adder misses you.
You barely miss the adder. Your grab misses the adder.
The adder is almost dead.
The adder closely misses you.
You hit the adder but do no damage. Your grab misses the adder.
The adder is almost dead.
The adder barely misses you. The adder bites you.
* * * LOW HITPOINT WARNING * * *
You are lethally poisoned!
The adder poisons you!
You take 4 damage, and have 2/21 hp.
It was a potion of haste.
You feel yourself speed up.
H - a potion of haste You die...

#.#
#.#
#<#
#.#
#.#
#.#
#.#
#<#
#@#
#S#
#.#
#.#
#.#
#.#
#.#
#.#


You could see an adder.

Vanquished Creatures
  An endoplasm (D:1)
  4 giant cockroaches (D:1)
  3 goblins (D:1)
  2 hobgoblins (D:1)
  A bat (D:1)
  2 kobolds (D:1)
  A rat (D:1)
14 creatures vanquished.

Notes
Turn   | Place    | Note
-------+----------+-------------------------------------------
     0 | D:1      | mdonais the Octopode Cinder Acolyte began the quest for the
                  | Orb.
     0 | D:1      | Reached XP level 1. HP: 16/16 MP: 2/2
    43 | D:1      | Reached skill level 1 in Stealth
    97 | D:1      | Found a faded altar of an unknown god.
   194 | D:1      | Reached XP level 2. HP: 21/21 MP: 3/3
   986 | D:2      | Succumbed to an adder's poison

Illustrated notes

Levels and vault maps discovered:
D:1:      shiori_arrival_elements, layout_loops_ring, serial_forest,
          infiniplex_forest_pool, infiniplex_forest_zigzag_2,
          infiniplex_forest_clump_medium, infiniplex_forest_lined_room_2,
          infiniplex_forest_clump_small, ebering_ecumenical_altar_abandoned
D:2:      layout_basic, basic_altar

Skill      XL: |  1  2 |
---------------+-------+-----
Stealth        | 2 3 |  3.2
Fighting       | |  3.0
Short Blades   | |  3.0
Spellcasting   | |  1.0
Fire Magic     | |  3.0

Action                   || total
-------------------------++-------
Melee: Short sword       ||    37
       Constrict         ||     6
       Tentacles         ||     5
  Use: Potion            ||     1
 Stab: Sleeping          ||     6
Armor: Skin              ||     2
Dodge: Dodged            ||    22
